Map: Orbital Shipyard

Players

True - Winner!

  • Race: Zerg Zerg
  • League: Master

Welmu

  • Race: Protoss Protoss
  • League: Diamond

Event: Team Gravity's Fight Night #37

VOD

https://youtu.be/vqxaqRRcFTA

Description

Time

  • Played on: Oct. 31, 2015, 5:26 p.m.
  • Length: 11:43

All games in this series

Show
View Real Time Build Order
Export as new Build Order

True Zerg - Winner!

Build Orders: 3 Hatch before Pool 

Get SALT Encoding   

  12  0:04  Drone  
  13  0:12  Overlord  
  13  0:18  Drone  
  14  0:31  Drone x2  
  16  0:36  Drone  
  17  0:52  Hatchery  
  16  0:59  Drone x2  
  18  1:20  Hatchery  
  18  1:24  Drone  
  18  1:35  Spawning Pool  
  18  1:39  Drone, Extractor  
  17  1:43  Drone  
  17  1:46  Drone  
  19  1:52  Drone  
  20  2:04  Overlord  
  20  2:05  Drone  
  21  2:13  Drone  
  22  2:16  Drone  
  23  2:22  Queen  
  23  2:23  Queen  
  23  2:26  Drone  
  28  2:30  Drone  
  28  2:32  Drone  
  28  2:35  Drone  
  31  2:43  Metabolic Boost  
  31  2:48  Drone x2  
  31  2:49  Drone  
  34  2:52  Drone  
  34  2:55  Queen  
  37  3:02  Overlord  
  37  3:04  Drone x2  
  37  3:05  Drone  
  40  3:16  Overlord  
  40  3:25  Zergling x6  
  40  3:26  Zergling x4  
  45  3:28  Zergling x2  
  46  3:35  Drone x7  
  46  3:39  Overlord  
  53  3:46  Drone  
  54  3:50  Overlord  
  54  3:51  Drone  
  54  3:55  Drone  
  56  3:59  Drone  
  56  4:00  Overlord  
  57  4:07  Drone  
  57  4:08  Drone x8  
  66  4:14  Overlord  
  66  4:15  Hatchery, Drone  
  66  4:17  Drone  
  67  4:24  Extractor  
  67  4:25  Overlord, Extractor  
  67  4:26  Extractor  
  67  4:27  Queen  
  67  4:30  Drone x2  
  68  4:32  Drone, Extractor  
  68  4:35  Roach Warren  
  68  4:38  Drone x9  
  68  4:39  Drone  
  77  4:50  Overlord  
  77  4:56  Lair  
  77  4:57  Overlord  
  77  5:00  Overlord  
  77  5:02  Drone x3  
  80  5:08  Drone, Extractor  
  80  5:14  Overlord x2  
  80  5:15  Roach x7  
  94  5:21  Roach x2  
  98  5:31  Drone  
  98  5:35  Zergling x6  
  102  5:43  Drone  
  102  5:45  Zergling x20  
  102  5:48  Overlord  
  113  5:55  Spire  
  113  5:56  Overlord  
  112  6:01  Overlord  
  112  6:03  Zergling x2  
  112  6:04  Zergling x4  
  115  6:08  Zergling x4  
  117  6:16  Drone  
  117  6:17  Drone x6  
  124  6:18  Overlord  
  124  6:22  Extractor  
  124  6:23  Ravager x2  
  124  6:24  Ravager x7  
  124  6:25  Zergling x12  
  133  6:26  Zergling x4  
  133  6:27  Zergling x2  
  133  6:31  Zergling x2  
  142  6:39  Zergling x6  
  145  6:40  Zergling x2, Extractor  
  145  6:49  Zergling x22  
  132  7:02  Zergling x8  
  132  7:03  Zergling x2  
  137  7:09  Hatchery  
  137  7:15  Mutalisk x10  
  125  7:17  Mutalisk  
  125  7:22  Mutalisk  
  143  7:26  Mutalisk  
  133  7:32  Mutalisk  
  124  7:39  Mutalisk  
  124  7:41  Zergling x2  
  124  7:42  Zergling x14  
  123  7:44  Mutalisk  
  123  7:49  Mutalisk  
  123  7:50  Hatchery  
  126  7:52  Zergling x2  
  126  7:54  Zergling x6  
  130  8:01  Mutalisk  
  130  8:03  Mutalisk  
  130  8:04  Mutalisk  
  136  8:09  Mutalisk  
  130  8:15  Mutalisk  
  130  8:19  Zergling x2  
  125  8:20  Mutalisk, Zergling x20  
  125  8:21  Queen  
  139  8:28  Mutalisk  
  139  8:30  Zergling x4  
  139  8:31  Mutalisk, Zergling x2  
  147  8:34  Queen, Zergling x8  
  147  8:37  Mutalisk  
  153  8:41  Mutalisk  
  153  8:47  Mutalisk  
  146  8:52  Zergling x2  
  147  8:57  Mutalisk  
  147  8:59  Mutalisk  
  147  9:00  Zergling x2  
  147  9:01  Zergling x18  
  152  9:02  Mutalisk  
  152  9:08  Mutalisk  
  135  9:12  Zergling x2  
  135  9:13  Zergling x10  
  135  9:14  Zergling x2  
  135  9:15  Zergling x16  
  147  9:20  Zergling x2  
  147  9:21  Zergling x2  
  133  9:33  Overlord  
  133  9:35  Overlord  
  84  10:24  Overlord  
  39  11:15  Drone x5  
Show
View Real Time Build Order
Export as new Build Order

Welmu Protoss 

Build Orders: Nexus First 

Get SALT Encoding   

  12  0:01  Probe (Chrono Boost)  
  13  0:11  Probe (Chrono Boost)  
  14  0:18  Pylon  
  14  0:22  Probe (Chrono Boost)  
  15  0:36  Probe (Chrono Boost)  
  16  0:47  Probe (Chrono Boost)  
  17  0:57  Probe (Chrono Boost)  
  17  1:01  Nexus  
  18  1:08  Probe (Chrono Boost)  
  19  1:14  Gateway  
  19  1:18  Probe (Chrono Boost)  
  19  1:21  Assimilator  
  20  1:29  Probe (Chrono Boost)  
  21  1:35  Gateway  
  21  1:39  Probe (Chrono Boost)  
  22  1:44  Pylon  
  22  1:50  Probe (Chrono Boost)  
  23  2:02  Cybernetics Core, Probe (Chrono Boost)  
  24  2:12  Probe (Chrono Boost)  
  24  2:13  Probe (Chrono Boost)  
  26  2:23  Probe x2 (Chrono Boost)  
  28  2:33  Probe (Chrono Boost)  
  28  2:34  Probe (Chrono Boost)  
  30  2:38  Warp Gate  
  30  2:39  Adept x2 (Chrono Boost)  
  34  2:44  Probe  
  34  2:45  Probe  
  36  2:56  Probe (Chrono Boost)  
  36  2:57  Probe (Chrono Boost)  
  36  2:58  Nexus  
  38  3:01  Pylon  
  38  3:09  Mothership Core (Chrono Boost), Probe (Chrono Boost)  
  41  3:14  Pylon  
  41  3:16  Adept  
  41  3:19  Probe (Chrono Boost)  
  44  3:20  Adept  
  47  3:27  Probe (Chrono Boost)  
  47  3:30  Probe (Chrono Boost)  
  47  3:33  Forge  
  48  3:37  Probe (Chrono Boost)  
  48  3:40  Probe (Chrono Boost)  
  50  3:44  Gateway  
  50  3:46  Pylon  
  50  3:48  Probe (Chrono Boost)  
  51  3:51  Probe (Chrono Boost)  
  52  3:56  Assimilator  
  52  3:57  Assimilator  
  52  3:58  Probe (Chrono Boost)  
  52  4:00  Assimilator  
  52  4:01  Probe (Chrono Boost)  
  54  4:04  Pylon  
  54  4:06  Protoss Ground Weapons Level 1 (Chrono Boost)  
  54  4:09  Probe x2  
  55  4:10  Probe  
  57  4:20  Probe  
  57  4:21  Probe x2  
  60  4:30  Probe  
  62  4:31  Probe  
  62  4:32  Assimilator  
  62  4:33  Probe  
  62  4:35  Pylon  
  62  4:36  Pylon  
  65  4:41  Probe  
  65  4:42  Probe  
  65  4:43  Sentry  
  65  4:45  Sentry, Probe  
  70  4:48  Pylon  
  70  4:51  Probe  
  70  4:52  Probe  
  70  4:55  Twilight Council  
  70  4:57  Stalker, Probe  
  75  5:02  Probe  
  75  5:03  Probe, Robotics Facility  
  77  5:09  Probe, Assimilator  
  77  5:12  Probe  
  77  5:13  Probe  
  78  5:16  Pylon  
  78  5:19  Pylon, Blink (Chrono Boost)  
  78  5:20  Sentry, Stalker x2  
  86  5:22  Probe  
  86  5:23  Probe  
  86  5:24  Probe  
  89  5:29  Gateway  
  89  5:31  Protoss Ground Weapons Level 2 (Chrono Boost)  
  89  5:32  Gateway  
  89  5:33  Gateway  
  89  5:36  Gateway  
  89  5:41  Photon Cannon  
  89  5:43  Gateway  
  89  5:44  Gateway  
  89  5:51  Observer (Chrono Boost)  
  90  5:57  Stalker x3  
  90  6:01  Gateway  
  96  6:08  Pylon  
  96  6:10  Pylon  
  96  6:20  Adept x2  
  96  6:21  Adept  
  102  6:26  Stalker  
  102  6:28  Warp Prism (Chrono Boost)  
  106  6:35  Stalker  
  106  6:36  Stalker x2  
  112  6:42  Stalker x3  
  112  6:44  Adept  
  120  6:56  Stalker x2  
  120  7:00  Stalker x3  
  116  7:05  Stalker x4  
  114  7:29  Stalker x7  
  119  7:30  Stalker x2  
  111  7:40  Warp Prism (Chrono Boost)  
  113  7:45  Stalker  
  115  7:52  Stalker x6  
  115  7:53  Stalker  
  115  7:55  Sentry  
  131  8:00  Stalker  
  133  8:14  Nexus  
  121  8:21  Stalker x8  
  121  8:24  Zealot x2  
  141  8:47  Stalker x4  
  141  8:48  Stalker  
  148  8:53  Stalker x2  
  148  8:54  Stalker  
  121  9:06  Mothership Core (Chrono Boost)  
  121  9:07  Stalker  
  100  9:29  Stalker x2  
  75  10:21  Assimilator  

Tags
 
Add a new tag
Caveats
  • Supply blocks, unpowered buildings, or Contaminate may cause inaccurate times.
  • Supply counts are checked every 10 seconds.